| TOP OF THE 1ST |
|
Burlington Royals batting - Pitching for Baltimore (APP) Orioles : LHP Killian Wellman
|
|
Pitching: LHP Killian Wellman
|
|
|
Batting: RHB John Normand
|
0-0: Ball 1-0: DOUBLE (Groundball, 5L, EV 95.0 MPH)
|
|
Batting: RHB Dustin Peterson
|
0-0: Ball 1-0: Ground out 5-3 (Groundball, 56S, EV 72.5 MPH) John Normand to third
|
|
Batting: RHB Mike McClung
|
0-0: Ball 1-0: Ground out U3 (Groundball, 34S, EV 79.4 MPH) John Normand scores
|
|
Batting: RHB Dermott Ayliffe
|
0-0: Ball 1-0: SOLO HOME RUN (Flyball, 7D, EV 102.5 MPH), Distance : 389 ft
|
|
Batting: RHB Mike Stokes
|
0-0: Swinging Strike 0-1: Called Strike 0-2: Ball 1-2: Strikes out swinging
|
| Top of the 1st over - 2 runs, 2 hits, 0 errors, 0 left on base; Burlington 2 - Baltimore (APP) 0 |
| BOTTOM OF THE 1ST |
|
Baltimore (APP) Orioles batting - Pitching for Burlington Royals : RHP Aaron Blackwell
|
|
Pitching: RHP Aaron Blackwell
|
|
|
Batting: RHB Han Caspers
|
0-0: Bunt missed! 0-1: Foul Ball, location: 2F 0-2: Ball 1-2: Foul Ball, location: 2F 1-2: Ball 2-2: Ground out 6-3 (Groundball, 6, EV 86.2 MPH)
|
|
Batting: RHB Eddie Morin
|
0-0: Foul Ball, location: 2F 0-1: SINGLE (Flyball, 34D, EV 91.9 MPH)
|
|
Batting: LHB Edwin Cabral
|
0-0: TRIPLE (Line Drive, 8RXD, EV 101.9 MPH) Eddie Morin scores
|
|
Batting: RHB Imbart van Rens
|
0-0: Ball 1-0: Foul Ball, location: 2F 1-1: Ground out 6-3 (Groundball, 6, EV 80.6 MPH) Edwin Cabral scores
|
|
Batting: RHB Tyler Cohen
|
0-0: Foul Ball, location: 2F 0-1: Foul Ball, location: 2F 0-2: Ball 1-2: SINGLE (Line Drive, 7LS, EV 91.2 MPH)
|
|
Batting: RHB Javier Brizuela
|
0-0: Called Strike 0-1: Swinging Strike 0-2: Strikes out swinging
|
| Bottom of the 1st over - 2 runs, 3 hits, 0 errors, 1 left on base; Burlington 2 - Baltimore (APP) 2 |
| TOP OF THE 2ND |
|
Burlington Royals batting - Pitching for Baltimore (APP) Orioles : LHP Killian Wellman
|
|
Batting: RHB Carlos Castillo
|
0-0: Foul Ball, location: 2F 0-1: Called Strike 0-2: Ball 1-2: Foul Ball, location: 2F 1-2: Strikes out swinging
|
|
Batting: RHB Esteban Acuna
|
0-0: Called Strike 0-1: Fly out, F7 (Flyball, 78M, EV 82.5 MPH)
|
|
Batting: RHB Leo Lopez
|
0-0: Called Strike 0-1: Ball 1-1: Foul Ball, location: 2F 1-2: Ball 2-2: Ball 3-2: Foul Ball, location: 2F 3-2: Strikes out swinging
|
| Top of the 2nd over - 0 runs, 0 hits, 0 errors, 0 left on base; Burlington 2 - Baltimore (APP) 2 |
| BOTTOM OF THE 2ND |
|
Baltimore (APP) Orioles batting - Pitching for Burlington Royals : RHP Aaron Blackwell
|
|
Batting: RHB David Gomez
|
0-0: Called Strike 0-1: Ground out 6-3 (Groundball, 6, EV 81.9 MPH)
|
|
Batting: LHB Sueo Iba
|
0-0: Swinging Strike 0-1: Ball 1-1: Called Strike 1-2: Ball 2-2: Ball 3-2: Ground out 5-3 (Groundball, 56, EV 83.8 MPH)
|
|
Batting: RHB Bob Bychyk
|
0-0: Ball 1-0: Ball 2-0: Ball 3-0: Swinging Strike 3-1: Foul Ball, location: 2F 3-2: Strikes out swinging
|
| Bottom of the 2nd over - 0 runs, 0 hits, 0 errors, 0 left on base; Burlington 2 - Baltimore (APP) 2 |
| TOP OF THE 3RD |
|
Burlington Royals batting - Pitching for Baltimore (APP) Orioles : LHP Killian Wellman
|
|
Batting: RHB Jimmy Black
|
0-0: Called Strike 0-1: Ball 1-1: Ball 2-1: Ball 3-1: Called Strike 3-2: Foul Ball, location: 2F 3-2: Base on Balls
|
|
Batting: RHB John Normand
|
0-0: Ground out 4-3 (Groundball, 4S, EV 66.2 MPH) Jimmy Black to second
|
|
Batting: RHB Dustin Peterson
|
0-0: Called Strike 0-1: Ball 1-1: Swinging Strike 1-2: Strikes out swinging
|
|
Batting: RHB Mike McClung
|
0-0: Ball 1-0: Ball 2-0: Ball 3-0: Called Strike 3-1: Base on Balls
|
|
Batting: RHB Dermott Ayliffe
|
0-0: Ball 1-0: Called Strike 1-1: Ball 2-1: Ground out 6-3 (Groundball, 4MS, EV 89.4 MPH)
|
| Top of the 3rd over - 0 runs, 0 hits, 0 errors, 2 left on base; Burlington 2 - Baltimore (APP) 2 |
| BOTTOM OF THE 3RD |
|
Baltimore (APP) Orioles batting - Pitching for Burlington Royals : RHP Aaron Blackwell
|
|
Batting: RHB Han Caspers
|
0-0: Called Strike 0-1: Reached on error, E6 (Groundball, 6S, EV 90.0 MPH)
|
|
Batting: RHB Eddie Morin
|
0-0: Foul Ball, location: 2F 0-1: Called Strike 0-2: Foul Ball, location: 2F 0-2: Ball 1-2: Strikes out swinging
|
|
Batting: LHB Edwin Cabral
|
0-0: DOUBLE (Flyball, 8LXD, EV 113.1 MPH) Han Caspers to third Runner from 3rd tries for Home, SAFE, throw by CF to home
|
|
Batting: RHB Imbart van Rens
|
0-0: Called Strike 0-1: SINGLE (Groundball, 34S, EV 70.6 MPH) (infield hit) Edwin Cabral to third
|
|
Batting: RHB Tyler Cohen
|
0-0: Ball 1-0: Fly out, F6 (Popup, 4M, EV 60.0 MPH)
|
|
Batting: RHB Javier Brizuela
|
0-0: Called Strike 0-1: Foul Ball, location: 2F 0-2: Ball 1-2: Strikes out swinging
|
| Bottom of the 3rd over - 1 run, 2 hits, 1 error, 2 left on base; Burlington 2 - Baltimore (APP) 3 |
| TOP OF THE 4TH |
|
Burlington Royals batting - Pitching for Baltimore (APP) Orioles : LHP Killian Wellman
|
|
Batting: RHB Mike Stokes
|
0-0: Ball 1-0: Ball 2-0: Ball 3-0: Base on Balls
|
|
Batting: RHB Carlos Castillo
|
0-0: Swinging Strike 0-1: Swinging Strike 0-2: Strikes out swinging
|
|
Batting: RHB Esteban Acuna
|
0-0: Called Strike 0-1: Foul Ball, location: 2F 0-2: Ball 1-2: Ball 2-2: Grounds into double play, 5-4-3 (Groundball, 5, EV 82.5 MPH)
|
| Top of the 4th over - 0 runs, 0 hits, 0 errors, 0 left on base; Burlington 2 - Baltimore (APP) 3 |
| BOTTOM OF THE 4TH |
|
Baltimore (APP) Orioles batting - Pitching for Burlington Royals : RHP Aaron Blackwell
|
|
Batting: RHB David Gomez
|
0-0: Ground out 5-3 (Groundball, 56, EV 105.6 MPH)
|
|
Batting: LHB Sueo Iba
|
0-0: Foul Ball, location: 2F 0-1: Ball 1-1: Ground out 6-3 (Groundball, 6, EV 82.5 MPH)
|
|
Batting: RHB Bob Bychyk
|
0-0: Called Strike 0-1: Ball 1-1: Single, Error in OF, E9, batter to second base (Line Drive, 9S, EV 95.0 MPH)
|
|
Batting: RHB Han Caspers
|
0-0: Called Strike 0-1: Called Strike 0-2: Strikes out swinging
|
| Bottom of the 4th over - 0 runs, 1 hit, 1 error, 1 left on base; Burlington 2 - Baltimore (APP) 3 |
| TOP OF THE 5TH |
|
Burlington Royals batting - Pitching for Baltimore (APP) Orioles : LHP Killian Wellman
|
|
Batting: RHB Leo Lopez
|
0-0: Ball 1-0: SINGLE (Line Drive, 89M, EV 86.2 MPH)
|
|
Batting: RHB Jimmy Black
|
0-0: Ball 1-0: Ball 2-0: Ball 3-0: Called Strike 3-1: DOUBLE (Line Drive, 9LD, EV 106.9 MPH) Leo Lopez to third Runner from 3rd tries for Home, SAFE, throw by RF to trailing runner, SAFE at third!
|
|
Batting: RHB John Normand
|
0-0: Foul Ball, location: 2F 0-1: Ball 1-1: Called Strike 1-2: Strikes out swinging
|
|
Batting: RHB Dustin Peterson
|
0-0: Called Strike 0-1: Ball 1-1: Called Strike 1-2: Foul Ball, location: 2F 1-2: Strikes out swinging
|
|
Batting: RHB Mike McClung
|
0-0: Ball 1-0: Foul Ball, location: 2F 1-1: Ball 2-1: Called Strike 2-2: Foul Ball, location: 2F 2-2: Strikes out swinging
|
| Top of the 5th over - 1 run, 2 hits, 0 errors, 1 left on base; Burlington 3 - Baltimore (APP) 3 |
| BOTTOM OF THE 5TH |
|
Baltimore (APP) Orioles batting - Pitching for Burlington Royals : RHP Aaron Blackwell
|
|
Batting: RHB Eddie Morin
|
0-0: Ball 1-0: Ball 2-0: Swinging Strike 2-1: Foul Ball, location: 2F 2-2: SINGLE (Groundball, 56D, EV 94.4 MPH)
|
|
Batting: LHB Edwin Cabral
|
0-0: Called Strike 0-1: Swinging Strike 0-2: Foul Ball, location: 2F 0-2: Ball 1-2: 2-RUN HOME RUN (Flyball, 9D, EV 96.2 MPH), Distance : 384 ft
|
|
Pitching: RHP Matthew Kane
|
|
|
Batting: RHB Imbart van Rens
|
0-0: SINGLE (Flyball, 4D, EV 88.1 MPH)
|
|
Batting: RHB Tyler Cohen
|
0-0: Ball 1-0: Ball 2-0: Called Strike 2-1: Called Strike 2-2: Fly out, F9 (Flyball, 9LS, EV 79.4 MPH)
|
|
Batting: RHB Javier Brizuela
|
0-0: Called Strike 0-1: Foul Ball, location: 2F 0-2: Ball 1-2: TRIPLE (Flyball, 78XD, EV 106.9 MPH) Imbart van Rens scores
|
|
Batting: RHB David Gomez
|
0-0: Ball 1-0: Called Strike 1-1: Ball 2-1: Ball 3-1: Called Strike 3-2: SINGLE (Groundball, 6D, EV 105.0 MPH) Javier Brizuela scores
|
|
Batting: LHB Sueo Iba
|
0-0: Called Strike 0-1: Called Strike 0-2: Foul Ball, location: 2F 0-2: 2-RUN HOME RUN (Flyball, 89XD, EV 102.5 MPH), Distance : 427 ft
|
|
Pitching: LHP Billy Wessel
|
|
|
Batting: RHB Bob Bychyk
|
0-0: Ball 1-0: Swinging Strike 1-1: Ground out 4-3 (Groundball, 4, EV 103.1 MPH)
|
|
Batting: RHB Han Caspers
|
0-0: Ball 1-0: Foul Ball, location: 2F 1-1: Ball 2-1: Ball 3-1: Base on Balls
|
|
Batting: RHB Eddie Morin
|
0-0: Foul Ball, location: 2F 0-1: Foul Ball, location: 2F 0-2: Foul Ball, location: 2F 0-2: Ball 1-2: Strikes out swinging
|
| Bottom of the 5th over - 6 runs, 6 hits, 0 errors, 1 left on base; Burlington 3 - Baltimore (APP) 9 |
| TOP OF THE 6TH |
|
Burlington Royals batting - Pitching for Baltimore (APP) Orioles : LHP Killian Wellman
|
|
Batting: RHB Dermott Ayliffe
|
0-0: SINGLE (Line Drive, 78S, EV 97.5 MPH)
|
|
Batting: RHB Mike Stokes
|
0-0: Swinging Strike 0-1: Fly out, F8 (Flyball, 8RD, EV 99.4 MPH)
|
|
Batting: RHB Carlos Castillo
|
0-0: Grounds into double play, 5-4-3 (Groundball, 56, EV 102.5 MPH)
|
| Top of the 6th over - 0 runs, 1 hit, 0 errors, 0 left on base; Burlington 3 - Baltimore (APP) 9 |
| BOTTOM OF THE 6TH |
|
Baltimore (APP) Orioles batting - Pitching for Burlington Royals : LHP Billy Wessel
|
|
Batting: LHB Edwin Cabral
|
0-0: Ball 1-0: Fly out, F4 (Line Drive, 4M, EV 66.9 MPH)
|
|
Batting: RHB Imbart van Rens
|
0-0: Called Strike 0-1: Ball 1-1: SINGLE (Groundball, 56D, EV 105.0 MPH)
|
|
Pitching: LHP David Wright
|
|
|
Batting: RHB Tyler Cohen
|
0-0: Called Strike 0-1: Foul Ball, location: 2F 0-2: Strikes out swinging
|
|
Batting: RHB Javier Brizuela
|
0-0: Foul Ball, location: 2F 0-1: Swinging Strike 0-2: Ball 1-2: Ground out 4-3 (Groundball, 4S, EV 64.4 MPH)
|
| Bottom of the 6th over - 0 runs, 1 hit, 0 errors, 1 left on base; Burlington 3 - Baltimore (APP) 9 |
| TOP OF THE 7TH |
|
Burlington Royals batting - Pitching for Baltimore (APP) Orioles : LHP Killian Wellman
|
|
Batting: RHB Esteban Acuna
|
0-0: Called Strike 0-1: Swinging Strike 0-2: Strikes out looking
|
|
Batting: RHB Leo Lopez
|
0-0: Swinging Strike 0-1: Called Strike 0-2: Ball 1-2: Ground out 5-3 (Groundball, 56, EV 90.6 MPH)
|
|
Batting: RHB Jimmy Black
|
0-0: Ball 1-0: Called Strike 1-1: Foul Ball, location: 2F 1-2: Reached on error, E6 (Groundball, 6D, EV 83.8 MPH)
|
|
Batting: RHB John Normand
|
0-0: Ball 1-0: Ground out 6-3 (Groundball, 6S, EV 65.0 MPH)
|
| Top of the 7th over - 0 runs, 0 hits, 1 error, 1 left on base; Burlington 3 - Baltimore (APP) 9 |
| BOTTOM OF THE 7TH |
|
Baltimore (APP) Orioles batting - Pitching for Burlington Royals : LHP David Wright
|
|
Batting: RHB David Gomez
|
0-0: Called Strike 0-1: Ball 1-1: Foul Ball, location: 2F 1-2: Ball 2-2: Ball 3-2: Base on Balls
|
|
Batting: LHB Sueo Iba
|
0-0: Bunt missed! 0-1: Sac Bunt to 15 - play at first, batter OUT! 1-3 David Gomez to second
|
|
Batting: RHB Bob Bychyk
|
0-0: Reached on error, E6 (Groundball, 6M, EV 91.2 MPH) David Gomez to third
|
|
Batting: RHB Han Caspers
|
0-0: Called Strike 0-1: Ball 1-1: DOUBLE (Groundball, 5L, EV 103.8 MPH) David Gomez scores Bob Bychyk to third
|
|
Batting: RHB Eddie Morin
|
0-0: SINGLE (Groundball, 6MD, EV 98.8 MPH) Bob Bychyk scores Han Caspers to third
|
|
Batting: LHB Edwin Cabral
|
0-0: 3-RUN HOME RUN (Flyball, 89XD, EV 108.1 MPH), Distance : 446 ft
|
|
Pitching: RHP Cody Marshall
|
|
|
Batting: RHB Imbart van Rens
|
0-0: Ball 1-0: Ball 2-0: Ball 3-0: Foul Ball, location: 2F 3-1: Swinging Strike 3-2: Strikes out swinging
|
|
Batting: RHB Tyler Cohen
|
0-0: Fly out, F8 (Flyball, 8LD, EV 84.4 MPH)
|
| Bottom of the 7th over - 5 runs, 3 hits, 1 error, 0 left on base; Burlington 3 - Baltimore (APP) 14 |
| TOP OF THE 8TH |
|
Burlington Royals batting - Pitching for Baltimore (APP) Orioles : LHP Killian Wellman
|
|
Batting: RHB Dustin Peterson
|
0-0: Called Strike 0-1: Foul Ball, location: 2F 0-2: Strikes out swinging
|
|
Pitching: RHP Safe-eldin Enobakhare
|
|
|
Batting: RHB Mike McClung
|
0-0: Called Strike 0-1: Ball 1-1: Swinging Strike 1-2: Strikes out swinging
|
|
Batting: RHB Dermott Ayliffe
|
0-0: Foul Ball, location: 2F 0-1: Ball 1-1: Swinging Strike 1-2: Ground out 5-3 (Groundball, 56, EV 98.1 MPH)
|
| Top of the 8th over - 0 runs, 0 hits, 0 errors, 0 left on base; Burlington 3 - Baltimore (APP) 14 |
| BOTTOM OF THE 8TH |
|
Baltimore (APP) Orioles batting - Pitching for Burlington Royals : RHP Cody Marshall
|
|
Batting: RHB Javier Brizuela
|
0-0: Ball 1-0: Ground out 6-3 (Groundball, 6, EV 86.2 MPH)
|
|
Batting: RHB David Gomez
|
0-0: Ball 1-0: Ground out 4-3 (Groundball, 4S, EV 93.1 MPH)
|
|
Batting: LHB Sueo Iba
|
0-0: Ball 1-0: Called Strike 1-1: Foul Ball, location: 2F 1-2: Strikes out looking
|
| Bottom of the 8th over - 0 runs, 0 hits, 0 errors, 0 left on base; Burlington 3 - Baltimore (APP) 14 |
| TOP OF THE 9TH |
|
Burlington Royals batting - Pitching for Baltimore (APP) Orioles : RHP Safe-eldin Enobakhare
|
|
Batting: RHB Mike Stokes
|
0-0: Foul Ball, location: 2F 0-1: Called Strike 0-2: Ball 1-2: Foul Ball, location: 2F 1-2: Ball 2-2: Strikes out looking
|
|
Batting: RHB Carlos Castillo
|
0-0: Ball 1-0: Swinging Strike 1-1: Ball 2-1: Foul Ball, location: 2F 2-2: Strikes out looking
|
|
Batting: RHB Esteban Acuna
|
0-0: Ball 1-0: Reached on error, E6 (Groundball, 4M, EV 78.8 MPH)
|
|
Batting: RHB Leo Lopez
|
0-0: Foul Ball, location: 2F 0-1: Foul Ball, location: 2F 0-2: Ball 1-2: Strikes out looking
|
| Top of the 9th over - 0 runs, 0 hits, 1 error, 1 left on base; Burlington 3 - Baltimore (APP) 14 |
|